 Dungeon Crawl Stone Soup version 0.13-a0-2133-ge955d09 (webtiles) character file.

1786 Fosius the Spear-Bearer (level 8, -3/60 HPs)
             Began as a Demonspawn Berserker on June 12, 2013.
             Was a High Priest of Trog.
             Slain by a wight
             ... wielding a +3,+2 battleaxe
              (13 damage)
             ... on Level 6 of the Dungeon on June 28, 2013.
             The game lasted 00:31:35 (5243 turns).

Fosius the Spear-Bearer (Demonspawn Berserker)      Turns: 5243, Time: 00:31:35

HP  -3/60        AC 12     Str 18      XL: 8   Next: 69%
MP   7/7         EV  8     Int  9      God: Trog [*****.]
Gold 123         SH  0     Dex 14      Spells:  0 memorised,  7 levels left

Res.Fire  : . . .   See Invis. : .   a - +1,-2 spear (curse) {=f}
Res.Cold  : . . .   Warding    : .   v - +2 scale mail {rPois}
Life Prot.: . . .   Conserve   : .   (no shield)
Res.Poison: +       Res.Corr.  : .   h - +0 golden helmet
Res.Elec. : .       Clarity    : .   s - +0 cloak
Sust.Abil.: + .     Spirit.Shd : .   q - +0 pair of elf gloves
Res.Mut.  : .       Stasis     : .   e - +0 pair of elf boots
Res.Rott. : .       Flight     : .   (no amulet)
Saprovore : . . .                    (no ring)
                                     k - ring of sustain abilities

@: slightly resistant to hostile enchantments, extremely unstealthy
A: hooves 2
a: Burn Spellbooks, Berserk, Trog's Hand, Brothers in Arms, Renounce Religion


You were on level 6 of the Dungeon.
You worshipped Trog.
Trog was extremely pleased with you.
You were starving.

You visited 1 branch of the dungeon, and saw 7 of its levels.

You collected 342 gold pieces.
You spent 239 gold pieces at shops.

Inventory:

Hand weapons
 a - a cursed +1,-2 spear (weapon) {=f}
Missiles
 t - 19 darts (quivered)
 w - 13 stones
Armour
 e - a +0 pair of elven boots (worn)
 h - a +0 golden helmet (worn)
 q - a +0 pair of elven gloves (worn)
 s - a +0 cloak (worn)
 v - a +2 scale mail of poison resistance (worn)
Magical devices
 u - a wand of magic darts (10)
Comestibles
 c - 5 bread rations
 j - 2 apples
 o - a snozzcumber
 r - a meat ration
Scrolls
 g - a scroll of teleportation
 i - 5 scrolls of remove curse
 m - a scroll of curse jewellery {unknown}
 n - a scroll of blinking
 p - a scroll of random uselessness {unknown}
Jewellery
 k - a ring of sustain abilities (left hand)
Potions
 b - a potion of resistance
 d - 6 potions of curing
 f - 2 potions of agility
 l - 2 potions of might
 x - a potion of slowing {unknown}


   Skills:
 - Level 3.0 Fighting
 + Level 10.3 Polearms
 - Level 1.7 Armour
 - Level 1.7 Dodging


You had 7 spell levels left.
You didn't know any spells.

Dungeon Overview and Level Annotations

Branches:
Dungeon (7/27)                Orc (0/4) D:6
 Temple: D:4-7

Altars:
Xom

Shops:
D:4: ( D:6: ?(


Innate Abilities, Weirdness & Mutations

You have hoof-like feet.


Message History

The wight barely misses you.
You hit the wight.
The wight is lightly damaged.
The gnoll hits you with a spear!
* * * LOW HITPOINT WARNING * * *
You closely miss the wight.
The wight is lightly damaged.
The gnoll hits you with a spear!
* * * LOW HITPOINT WARNING * * *
The wight hits you but does no damage.
You hit the wight. You kick the wight.
The wight is moderately damaged.
Your scale mail prevents you from hitting the wight.
The wight is moderately damaged.
The gnoll hits you with a spear.
* * * LOW HITPOINT WARNING * * *
You barely miss the wight. Your kick misses the wight.
The wight is moderately damaged.
The wight hits you with a runed battleaxe!
You die...

#......................
#......<...............
#........#.............
#######...###............. #####
#...###.....#............. #...#
#...........#............# #...#
#.......)...##..........## #...#
####....zg...........##### ....#
###...@...........# ##
....#########...............# #∩
....##.....#...............#####.
....#......#........#.....#......
...................>......#......
.................................
.................................
.................................
.................................


You could see a wight and a gnoll.

Vanquished Creatures
  Grinder (D:6)
  Edmund (D:5)
  Menkaure (D:4)
  A sky beast (D:5)
  A necrophage (D:5)
  A centaur (D:5)
  Duvessa (D:4)
  A giant frog skeleton (D:6)
  A giant frog (D:5)
  4 crimson imps (D:4)
  Dowan (D:4)
  Crazy Yiuf (D:6)
  2 hounds
  A scorpion (D:4)
  2 orc wizards (D:3)
  8 worker ants
  2 jellies (D:5)
  Ijyb (D:2)
  5 adders
  3 gnolls
  An iguana skeleton (D:4)
  3 giant mites
  4 worms
  A bat skeleton (D:5)
  2 giant eyeballs (D:4)
  5 giant geckos
  An ooze (D:2)
  6 orcs
  4 giant cockroaches
  9 goblins
  7 hobgoblins
  16 jackals
  6 kobolds
  5 quokkas
  A ball python (D:2)
  12 bats
  A giant cockroach zombie (D:6)
  3 giant newts
  A giant spore (D:6)
  A hobgoblin skeleton (D:4)
  A jackal skeleton (D:5)
  A kobold skeleton (D:4)
  12 rats
  2 rat skeletons (D:4)
  A ballistomycete (D:6)
145 creatures vanquished.

Notes
Turn   | Place    | Note
--------------------------------------------------------------
     0 | D:1      | Fosius, the Demonspawn Berserker, began the quest for the Orb.
     0 | D:1      | Reached XP level 1. HP: 18/18 MP: 0/0
    30 | D:1      | Gained mutation: You have large cloven feet. [demonic ancestry]
    30 | D:1      | Reached XP level 2. HP: 22/24 MP: 1/1
   341 | D:1      | Reached XP level 3. HP: 30/30 MP: 2/2
   372 | D:1      | Acquired Trog's second power
   553 | D:2      | Reached skill level 4 in Polearms
   688 | D:2      | Reached XP level 4. HP: 36/36 MP: 3/3
   722 | D:2      | Noticed Ijyb
   740 | D:2      | Killed Ijyb
  1346 | D:3      | Reached skill level 5 in Polearms
  1551 | D:3      | Reached XP level 5. HP: 37/41 MP: 4/4
  1588 | D:3      | Upgraded the game from 0.13-a0-1585-g6f4f798 to 0.13-a0-1590-g33f0eee
  2288 | D:4      | Found Pheag's Weapon Shoppe.
  2338 | D:4      | Noticed Duvessa
  2338 | D:4      | Noticed Dowan
  2350 | D:4      | Killed Duvessa
  2350 | D:4      | Reached skill level 6 in Polearms
  2350 | D:4      | Reached XP level 6. HP: 48/48 MP: 5/5
  2354 | D:4      | Killed Dowan
  2422 | D:4      | Noticed Menkaure
  2440 | D:4      | Killed Menkaure
  2440 | D:4      | Reached skill level 7 in Polearms
  2717 | D:4      | Paralysed by a giant eyeball for 4 turns
  2754 | D:4      | Gained mutation: You have hoof-like feet. [demonic ancestry]
  2754 | D:4      | Reached XP level 7. HP: 41/53 MP: 6/6
  2822 | D:4      | Found a shimmering altar of Xom.
  2878 | D:4      | Acquired Trog's third power
  3128 | D:4      | Upgraded the game from 0.13-a0-1590-g33f0eee to 0.13-a0-2133-ge955d09
  3230 | D:4      | Reached skill level 8 in Polearms
  3254 | D:5      | Entered Level 5 of the Dungeon
  3684 | D:5      | Noticed Edmund
  3706 | D:5      | Killed Edmund
  3706 | D:5      | Reached XP level 8. HP: 60/60 MP: 7/7
  3752 | D:5      | Reached skill level 9 in Polearms
  4340 | D:6      | Found Conaggush's Antique Weapon Boutique.
  4469 | D:6      | Found Noetue's Magic Scroll Boutique.
  4474 | D:6      | Bought a scroll of blinking for 71 gold pieces
  4474 | D:6      | Bought a scroll of enchant armour for 71 gold pieces
  4474 | D:6      | Bought a scroll of enchant weapon II for 71 gold pieces
  4483 | D:6      | Bought a scroll of identify for 26 gold pieces
  4528 | D:6      | Noticed Grinder
  4569 | D:6      | Found a staircase to the Orcish Mines.
  4575 | D:6      | Paralysed by Grinder for 2 turns
  4589 | D:6      | Killed Grinder
  4589 | D:6      | Reached skill level 10 in Polearms
  5132 | D:6      | Noticed Crazy Yiuf
  5137 | D:6      | Killed Crazy Yiuf
  5243 | D:6      | Slain by a wight

Action                   |  1- 3 |  4- 6 |  7- 9 || total
-------------------------+-------+-------+-------++-------
Melee: Spear             |    85 |   238 |   343 ||   666
Throw: Dart              |       |       |     1 ||     1
Invok: Berserk           |     3 |     4 |     3 ||    10
       Trog's Hand       |       |       |     1 ||     1
  Use: Scroll            |       |    11 |     4 ||    15
       Potion            |       |     1 |     1 ||     2
 Stab: Distracted        |       |       |     1 ||     1
